 Dungeon Crawl Stone Soup version 0.31.0-32-g396128a36d (webtiles) character file.

Game seed: 17687961379644240657

60 nshep25 the Changeling (level 4, -3/25 HPs)
             Began as a Kobold Shapeshifter on Mar 8, 2024.
             Slain by a gnoll
             ... wielding a +0 spear
              (8 damage)
             ... on level 1 of the Dungeon.
             The game lasted 00:02:30 (1588 turns).

nshep25 the Changeling (Kobold Shapeshifter)        Turns: 1588, Time: 00:02:30

Health: -3/25      AC:  2    Str: 13    XL:     4   Next: 24%
Magic:  4/4        EV: 14    Int: 11    God:
Gold:   56         SH:  0    Dex: 14    Spells: 3/3 levels left

rFire   . .          .
                       - Unarmed
rCold   . . .        (no shield)
rNeg    . . .        a - +0 animal skin
rPois   .            (helmet currently unavailable)
rElec   .            (cloak currently unavailable)
rCorr   .            (gloves currently unavailable)
SInv    .            (boots currently unavailable)
Will    .....        (no amulet)
Stlth   +++          i - +4 ring of slaying
HPRegen 0.24/turn    f - ring of wizardry
MPRegen 0.09/turn

%: wizardry (x1)
@: beast-form
A: beast (slay +2), small, no large weapons, nightstalker 3
a: Begin Untransformation


You were on level 1 of the Dungeon.
You were a hulking beast.
You visited 1 branch of the dungeon, and saw 2 of its levels.

You collected 56 gold pieces.

Inventory:

Armour
 a - a +0 animal skin (worn)
Jewellery
 f - a ring of wizardry (right hand)
 i - a +4 ring of slaying (left hand)
Talismans
 c - a beast talisman
 d - a flux talisman
Scrolls
 e - 3 scrolls of identify {unknown}
 j - a scroll of fear {unknown}
 n - 3 scrolls of revelation {unknown}
 o - a scroll of teleportation {unknown}
Potions
 b - a potion of lignification
 g - a potion of berserk rage {unknown}
 k - a potion of attraction {unknown}
 l - a potion of heal wounds {unknown}
 m - a potion of might {unknown}


   Skills:
 + Level 1.1 Fighting
 + Level 2.4 Dodging
 + Level 2.2 Stealth
 + Level 3.7 Unarmed Combat
 + Level 3.7 Shapeshifting


You had 3 spell levels left.
You didn't know any spells.
Your spell library contained the following spells:

 Spells                   Type           Power      Damage    Failure   Level
 Ignite Poison            Fire/Alch      0%         N/A       77%         4
 Sticky Flame             Fire/Alch      0%         2d4       77%         4
 Vhi's Electric Charge    Tloc/Air       0%         N/A       77%         4
 Arcjolt                  Conj/Air       0%         1d10      98%         5
 Plasma Beam              Fire/Air       0%         2x1d10    100%        6
 Ignition                 Fire           0%         3d3       100%        8


Dungeon Overview and Level Annotations

Branches:
Dungeon (2/15)

Altars:
Nemelex Xobeh

Shops:
D:2 (


Innate Abilities, Weirdness & Mutations

You are a hulking beast.
Your limbs bulge with bestial killing power. (Slay +2)
You are small and have problems with some larger weapons.
You are completely attuned to the shadows.


Message History

You kill the adder!
Your Stealth skill increases to level 2!
You have reached level 4!
Found a stone staircase leading up.
A gnoll comes into view. It is wielding a +0 halberd.
A gnoll comes into view. It is wielding a +0 spear.
The helpless gnoll fails to defend itself.
You punch the gnoll!
The gnoll is almost dead.
The gnoll hits you with a +0 halberd!
You closely miss the gnoll.
The gnoll is almost dead.
The gnoll hits you with a +0 halberd.
You hit the gnoll.
You kill the gnoll!
You start resting.
HP restored.
A gnoll comes into view. It is wielding a +0 halberd.
You throw a poisoned dart. The poisoned dart hits the gnoll.
You hear a shout!
You throw a poisoned dart. The poisoned dart hits the gnoll.
The gnoll is poisoned.
The gnoll attacks as it pursues you!
The gnoll hits you from afar with a +0 spear!
The gnoll attacks as it pursues you! The gnoll completely misses you.
The gnoll attacks as it pursues you! The gnoll misses you.
There is a stone staircase leading up here.
The gnoll looks more healthy.
The gnoll hits you from afar with a +0 halberd.
The gnoll barely misses you.
There is a stone staircase leading up here.
The gnoll hits you from afar with a +0 halberd!
The gnoll hits you with a +0 spear.
* * * LOW HITPOINT WARNING * * *
You climb upwards.
There is a stone staircase leading down here.
You barely miss the gnoll. Your punch misses the gnoll.
The gnoll is heavily wounded.
The gnoll hits you with a +0 spear!
You die...

#.# #.....#.##.# #.#
#.....#.##.####
#.#######.....#.#.....#
#.............#.#.....#
########.####.#.#.....#
#.....#.# #.#.#.....#
#.###.#.####.#.#.....# #.#
#.#...g#.#.#.....#
######.###.#....h.#.#..#.##
....##.#...#.##.###.#..#.#
...†.....###.##.###.#..#.#
....##.###.#.#......#..#.#
.###.#.....#.#....###..#.#
.# #.......#.#....# #..#.#
##########.#......# #..#.#
.....# ###.#......# #..#.#
####.###..........###..#.#
#


You could see a gnoll.

Vanquished Creatures
  A gnoll (D:2)
  3 adders (D:2)
  A dart slug (D:1)
  A hobgoblin (D:1)
  A quokka (D:2)
  7 ball pythons
  3 bats (D:1)
  3 frilled lizards (D:1)
  4 kobolds
  A rat (D:1)
25 creatures vanquished.

Notes
Turn   | Place    | Note
-------+----------+-------------------------------------------
     0 | D:1      | nshep25 the Kobold Shapeshifter began the quest for the
                  | Orb.
     0 | D:1      | Reached XP level 1. HP: 12/12 MP: 1/1
   121 | D:1      | Reached XP level 2. HP: 16/16 MP: 2/2
  1198 | D:2      | Reached XP level 3. HP: 20/20 MP: 3/3
  1200 | D:2      | Reached skill level 1 in Stealth
  1212 | D:2      | Found a sparkling altar of Nemelex Xobeh.
  1347 | D:2      | Found Eraqefuam's Antique Weapon Shop.
  1433 | D:2      | Reached XP level 4. HP: 25/25 MP: 4/4
  1588 | D:1      | Slain by a gnoll

Illustrated notes

Levels and vault maps discovered:
D:1:      amcnicky_arrival_gap_in_the_tavern_cellar, layout_basic,
          corexii_item_surrounded_by_moat, nrook_loot_triangle,
          due_unseen_surprise
D:2:      layout_basic, basic_altar, serial_curves, eino_curves_02,
          eino_curves_03, serial_shops, shop

Skill      XL: |  1  2  3 |
---------------+----------+-----
Stealth        | 2 |  2.2
Fighting       | |  1.1
Dodging        | |  2.4
Unarmed Combat | |  3.7
Shapeshifting  | |  3.7

Action                     |  1- 3 |  4- 6 || total
---------------------------+-------+-------++-------
  Melee: Unarmed           |    45 |     4 ||    49
  Throw: Dart              |       |     2 ||     2
   Stab: Sleeping          |    12 |     1 ||    13
 Armour: Animal skin       |    12 |     7 ||    19
  Dodge: Dodged            |    29 |     3 ||    32
